Cogmind - Beta 14 @@@ ROGUE MODE // 2025.01.14 @ 04:38:55 Player: Stelbot7872 Result: Destroyed by as-65326 with Assembled Heavy Rifle Performance ------------- Evolutions (0) 0 Regions Visited (2) 400 Robots Destroyed (15) 75 Value Destroyed (280) 280 Prototype IDs (0) 0 Alien Tech Used (0) 0 Bonus (0) 0 TOTAL SCORE: 755 Bonus ------- None Cogmind --------- Core Integrity 0/250 Matter 67/300 Energy 100/100 System Corruption 4% Temperature Cool (0) Movement Core (450) Ox8 Location -10/Mines Parts ------- > --- POWER (1) -------- (None) > --- PROPULSION (2) --- (None) > --- UTILITY (2) ------ Large Storage Unit Signal Interpreter > --- WEAPON (2) ------- Heavy Assault Rifle Rocket Launcher > --- INVENTORY (15) --- Medium Storage Unit Large Matter Pod (0) Sensor Array Seismic Detector Targeting Computer Targeting Computer Targeting Computer Light Assault Rifle Heavy Assault Rifle Heavy Assault Rifle Heavy Assault Rifle Rocket Launcher Rocket Launcher Peak State ------------ > --- POWER ------------ Ion Engine > --- PROPULSION ------- Light Treads Light Treads > --- UTILITY ---------- Large Storage Unit Signal Interpreter > --- WEAPON ----------- Heavy Assault Rifle Rocket Launcher > --- INVENTORY -------- Medium Storage Unit Large Matter Pod Sensor Array Seismic Detector Targeting Computer Targeting Computer Targeting Computer Light Assault Rifle Heavy Assault Rifle Heavy Assault Rifle Heavy Assault Rifle Rocket Launcher Rocket Launcher Rocket Launcher [Rating: 11] Favorites ----------- Power Ion Engine Engine Ion Engine Propulsion Light Treads Treads Light Treads Utility Large Storage Unit Device Seismic Detector Storage Large Storage Unit Processor Signal Interpreter Weapon Assault Rifle Ballistic Gun Assault Rifle Launcher Rocket Launcher Build | -11 -10 -10 ------- Run | Yrd Mat Min Slots Evolved . | . . . Power . | . . . Propulsion . | . . . Utility . | . . . Weapon . | . . . Parts Attached 16 | 6 8 2 Power 1 | 1 . . Engine 1 | 1 . . Core . | . . . Reactor . | . . . Propulsion 2 | 2 . . Treads 2 | 2 . . Leg . | . . . Wheel . | . . . Hover . | . . . Flight . | . . . Utility 7 | 1 6 . Device 2 | . 2 . Storage 4 | 1 3 . Processor 1 | . 1 . Hackware . | . . . Protection . | . . . Artifact . | . . . Weapon 6 | 2 2 2 Energy Gun . | . . . Energy Cannon . | . . . Ballistic Gun 4 | 2 1 1 Ballistic Cannon . | . . . Launcher 2 | . 1 1 Special Weapon . | . . . Impact Weapon . | . . . Slashing Weapon . | . . . Piercing Weapon . | . . . Special Melee Weapon . | . . . Unidentified Prototypes . | . . . Parts Lost 5 | . 1 4 Power 1 | . . 1 Propulsion 2 | . . 2 Utility . | . . . Weapon 2 | . 1 1 Highest Loss Streak 4 | . 1 4 To Critical Strikes . | . . . Average Slot Usage (%) 97 | . 98 88 Engine 13 | . 14 12 Treads 27 | . 28 25 Device 7 | . 8 . Storage 13 | . 13 14 Processor 5 | . 4 14 Ballistic Gun 14 | . 15 6 Launcher 12 | . 12 14 Peak Build Rating 11 | 6 10 11 Average Rating 8 | 4 8 9 On Entrance 5 | . 6 9 Naked Turns . | . . . Heaviest Build 32 | 13 32 32 Greatest Support 40 | 40 40 40 Greatest Overweight (x) 8 | . . 8 Average Overweight (x) . | . . . Largest Inventory Capacity 15 | 8 15 15 Average Capacity 11 | 6 11 15 Most Carried 15 | 5 15 15 Average Carried 9 | 2 9 14 Final Capacity 15 | 8 15 15 Final Carried 15 | 1 15 13 Class Distribution -------------------- 100% | Mutant Dominant Class ---------------- Mutant | -10/Materials Mutant | -10/Mines Resources | -11 -10 -10 ----------- Run | Yrd Mat Min Matter Collected 566 | 204 284 78 Remotely . | . . . Salvage Created 253 | . 125 128 Parts 20 | . 13 7 Haulers Intercepted . | . . . Recyclers Shooed 1 | . . 1 Parts Field Recycled . | . . . Retrieved Matter . | . . . Parts Self-Destructed . | . . . Prevented . | . . . Kills | -11 -10 -10 ------- Run | Yrd Mat Min Combat Hostiles Destroyed 15 | . 6 9 Guns 3 | . 1 2 AOE 12 | . 5 7 Classes Destroyed 6 | . 4 2 Builder 1 | . . 1 Recycler 2 | . 1 1 Watcher 3 | . 3 . Swarmer 6 | . 3 3 Grunt 3 | . 3 . Assembled 6 | . . 6 Best Kill Streak 7 | . 3 7 Combat Bots Only 5 | . 2 5 Max Kills in Single Turn 2 | . 2 2 Gunslinging . | . . . Exploded 2 | . 2 1 Melee . | . . . Uniques/NPCs Destroyed . | . . . Combat | -11 -10 -10 -------- Run | Yrd Mat Min Hostile Shots Fired 50 | . 10 40 Missed 13 | . 3 10 Damage Taken 947 | . 466 481 Core 254 | . 81 173 Absorbed by Shields . | . . . Core Remaining (%) 100 | 100 . . Volleys Fired 41 | . 21 20 Largest 2 | . 2 2 Hottest 56 | . 53 56 Shots Fired 68 | . 39 29 Gun 39 | . 22 17 Cannon . | . . . Launcher 29 | . 17 12 Special . | . . . Kinetic 39 | . 22 17 Thermal . | . . . Explosive 29 | . 17 12 Electromagnetic . | . . . Robot Hit Streak 8 | . 8 3 Robot Miss Streak 6 | . 3 6 Penetration Max . | . . . Secondary Targets . | . . . Shots Hit Robots 30 | . 16 14 Core Hits 33 | . 16 17 Critical Kills . | . . . Critical Parts Destroyed . | . . . Critical Strikes . | . . . Melee Attacks . | . . . Impact . | . . . Slashing . | . . . Piercing . | . . . Sneak Attacks . | . . . Combat Hostiles . | . . . Follow-up Attacks . | . . . Damage Inflicted 1512 | . 912 600 Guns 224 | . 104 120 Cannons . | . . . Explosions 1288 | . 808 480 Melee . | . . . Ramming . | . . . Kinetic 224 | . 104 120 Thermal . | . . . Explosive 1288 | . 808 480 Electromagnetic . | . . . Impact . | . . . Slashing . | . . . Piercing . | . . . Highest Corruption 4 | . 2 4 Average Corruption 2 | . 2 2 Corruption Purged . | . . . Corruption Blocked . | . . . Effects 6 | . 3 3 Message Errors 1 | . 1 . Matter Fused 4 | . 2 2 Heat Flow Errors 1 | . . 1 Overload Shots . | . . . Overflow Damage 65 | . 56 9 Projectiles . | . . . Explosions 65 | . 56 9 Melee . | . . . Knockbacks . | . . . Impact . | . . . Kinetic . | . . . Secondary . | . . . Self-Inflicted Damage 426 | . 405 21 Shots 10 | . 9 1 Rammed . | . . . Targets Rammed . | . . . Kicked . | . . . Crushed . | . . . Highest Temperature 150 | . 6 150 Average Temperature 43 | . 6 59 Received Heat Transfer 98 | . 18 80 Siege Activations . | . . . Robots Corrupted . | . . . Combat Hostiles . | . . . Parts Fried . | . . . Impact Corruptions . | . . . Robots Melted . | . . . Combat Hostiles . | . . . Parts Melted . | . . . Heat Transferred . | . . . Parts Sabotaged . | . . . Parts Stolen . | . . . Parts Stripped . | . . . Power Chain Reactions . | . . . Alert | -11 -10 -10 ------- Run | Yrd Mat Min Peak Influence 173 | . 173 161 Initial 34 | . . 34 Average 48 | . 46 89 Maximum Alert Level . | . . . Low Security (%) 100 | 100 100 100 Level 1 . | . . . Level 2 . | . . . Level 3 . | . . . Level 4 . | . . . Level 5 . | . . . High Security . | . . . Max Security . | . . . Squads Dispatched 3 | . 3 . Investigation 1 | . 1 . Extermination . | . . . Reinforcement 2 | . 2 . Assault . | . . . Garrison . | . . . Intercept . | . . . Searches Triggered . | . . . Construction Impeded . | . . . Haulers Reinforced . | . . . Active Scanning Responses . | . . . Cargo Convoy Interrupts . | . . . Stealth | -11 -10 -10 --------- Run | Yrd Mat Min Distress Signals 1 | . 1 . Communications Jammed . | . . . Distress Signals . | . . . Times Spotted 23 | . 12 11 Peak Tracking Total 7 | . 7 4 Tactical Retreats 2 | . 2 . Traps | -11 -10 -10 ------- Run | Yrd Mat Min Traps Triggered 2 | . 2 . Indirectly . | . . . Trap Hack Attempts . | . . . Triggered . | . . . Disarmed . | . . . Reprogrammed . | . . . Reused . | . . . Traps Extracted . | . . . Installed . | . . . Triggered . | . . . Machines | -11 -10 -10 ---------- Run | Yrd Mat Min Machines Disabled 5 | . 5 . Max in Single Turn 3 | . 3 . Machines Repaired . | . . . Machines Dismantled . | . . . Machines Sabotaged . | . . . Overloaded Fab Kills . | . . . Hacking | -11 -10 -10 --------- Run | Yrd Mat Min Machines Accessed . | . . . Terminals . | . . . Fabricators . | . . . Repair Stations . | . . . Recycling Units . | . . . Scanalyzers . | . . . Garrison Access . | . . . Total Hacks . | . . . Successful . | . . . Failed . | . . . Catastrophic . | . . . Database Lockouts . | . . . Manual . | . . . Terminals . | . . . Fabricators . | . . . Repair Stations . | . . . Recycling Units . | . . . Scanalyzers . | . . . Garrison Access . | . . . Terminal Hacks . | . . . Fabricator Hacks . | . . . Repair Station Hacks . | . . . Recycling Unit Hacks . | . . . Scanalyzer . | . . . Garrison Access Hacks . | . . . Unauthorized Hacks . | . . . Terminals . | . . . Fabricators . | . . . Repair Stations . | . . . Recycling Units . | . . . Scanalyzers . | . . . Garrison Access . | . . . Data Cores Recovered . | . . . Used . | . . . Hacking Detections . | . . . Full Trace Events . | . . . Feedback Events . | . . . Feedback Blocked . | . . . Robot Schematics Acquired . | . . . Robots Built . | . . . Authchips . | . . . Time . | . . . Total Robot Build Rating . | . . . Part Schematics Acquired . | . . . Parts Built . | . . . Authchips . | . . . Time . | . . . Total Part Build Rating . | . . . Parts Repaired . | . . . Time . | . . . Parts Recycled . | . . . Recycled Matter . | . . . Retrieved Matter . | . . . Retrieved Components . | . . . Parts Scanalyzed . | . . . Part Schematics Acquired . | . . . Parts Damaged . | . . . Bothacking | -11 -10 -10 ------------ Run | Yrd Mat Min Used RIF Installer . | . . . Robots Hacked . | . . . Non-combat . | . . . Combat . | . . . Robot Hacks Applied . | . . . Relay Couplers Released . | . . . Fabnet Peak Effective % . | . . . Robots Rewired . | . . . Allies Hacked . | . . . Hacks Repelled . | . . . Allies | -11 -10 -10 -------- Run | Yrd Mat Min Total Allies . | . . . Largest Group . | . . . Highest-Rated Group . | . . . Highest-Rated Ally . | . . . Total Orders . | . . . Ally Attacks . | . . . Total Damage . | . . . Kills . | . . . Allies Corrupted . | . . . Allies Melted . | . . . Intel | -11 -10 -10 ------- Run | Yrd Mat Min Robot Analysis Total . | . . . Derelict Logs Recovered . | . . . Drone Launches . | . . . Drone Recoveries . | . . . Exploration | -11 -10 -10 ------------- Run | Yrd Mat Min Turns Passed 1955 | 125 1601 229 Spaces Moved 951 | 77 766 108 Core 10 | 9 . 1 Treads 941 | 68 766 107 Legs . | . . . Wheels . | . . . Hover . | . . . Flight . | . . . Fastest Speed 50 | 50 160 160 Average Speed 159 | 147 160 166 Slowest Speed 450 | 160 160 450 Overloaded Moves . | . . . Propulsion Burnouts . | . . . Robots Hopped . | . . . Cave-ins Triggered . | . . . Exploration Rate (%) 36 | 5 74 31 Regions Visited 2 Branch Regions 1 Pre-discovered Areas . | . . . Known Exits Taken 1 | . 1 . Unknown Exits Taken 1 | 1 . . Scrap Searched . | . . . Spaces Dug 5 | . 5 . Terrain Destroyed 221 | . 144 77 Melee . | . . . Projectile . | . . . AOE 221 | . 144 77 Terrain Rammed . | . . . Walls Destroyed . | . . . Machines Disabled . | . . . Actions | -11 -10 -10 --------- Run | Yrd Mat Min Total 1323 | 89 1104 130 Wait 277 | . 277 . Move 949 | 76 765 108 Hop . | . . . Pick Up 33 | 7 26 . Fast Attach 1 | . 1 . Attach 10 | 6 2 2 Detach . | . . . Swap 5 | . 5 . Drop 7 | . 7 . Fire 41 | . 21 20 Melee . | . . . Ram . | . . . Kick . | . . . Crush . | . . . Escape Stasis . | . . . Rewire . | . . . Trap . | . . . Miscellaneous . | . . . Route ------- -11/Scrapyard -10/Materials (discovered 2 exits: *Mat / *Min) -10/Mines History --------- Turn | Location | Event 47 | -11/Scrapyard | Discovered new exit (range 15) 126 | -11/Scrapyard | Entered Materials 308 | -10/Materials | Build established: Mutant 445 | -10/Materials | Discovered new exit (range 15) 1275 | -10/Materials | Identified exit to Materials 1682 | -10/Materials | Discovered new exit (range 11) 1711 | -10/Materials | Identified exit to Mines 1727 | -10/Materials | Entered Mines 1751 | -10/Mines | Assembled infested the area 1920 | -10/Mines | Core integrity fell below 50% 1952 | -10/Mines | Core integrity fell below 20% 1956 | -10/Mines | Destroyed by as-65326 with Assembled Heavy Rifle Last Messages --------------- Rocket Launcher destroyed. System corrupted by crushing effect (+2). as-75514 destroyed. Lgt. Treads destroyed. as-50427 destroyed. Ion Engine destroyed. Acquired 56 matter. R-06 Scavenger collects Com. Wheel. U-05 Engineer destroyed. Acquired 15 matter. R-06 Scavenger collects Wheel. Acquired 1 matter. as-15296 destroyed. Lgt. Treads destroyed. R-06 Scavenger collects Wheel. U-05 Engineer lays Concrete. R-06 Scavenger collects Lgt. Ion Engine. U-05 Engineer lays Concrete. The unstable cave ceiling collapses. U-05 Engineer lays Concrete. Map ----- +----------------------------------------------------+ | ?????????????????????????????????????????????????? | | ?????????????????????????????????????????????????? | | ?????????????????????????????????????????????????? | | ?????????????????????????????????????????????????? | | ?????????????????????????????????????????????????? | | ?????????????????????????????????????????????????? | | ?????????????????????????????????????????????????? | | ?????????????????????????????????????????????????? | | ?##??????????????????????????????????????????????? | | ##?????????????????????????????????????????????? | | ##????????????????????????????????????????????? | | #????????????????????????????????????????????? | | ?##??????????????????????????????????????????? | | #??????????????????????????????????????????? | | ???????????????????????????????????????? | | ???????????????????????????????????????? | | ??????? ???????????????????????????????? | | ???? ????## ????????????????????????????????? | | ???????????#### ????????????????????????????????? | | ??????????## #????####????????????????????????? | | ??????????# ###### ##???????????????????????? | | ??????????# ## ##??????????????????????? | | ???????????# # ##?????????????????????? | | ????????????# ##????????????????????? | | ????????? %= #????????????????????? | | ????????? @ ########?????????????? | | ###?????? #?????????????? | | #?????# % a ! a r u #?????????????? | | # ####### %[ ## ###### #?????????????? | | # u##? #????????????????????? | | ########## # ##??#????????????????????? | | ?????????# ##???????????????????????? | | ?????????# # #????????????????????????? | | ?????????# # #????????????????????????? | | ????????# ## #????????????????????????? | | ????????# ### #????????????????????????? | | ????????## ### #????????????????????????? | | ?????????###### ##???????????????????????? | | ???????###### # ####????????????????????? | | ??????## # #????????????????????? | | ??????# #????????????????????? | | ?????## ## #????????????????????? | | ???### #? ???????????????????? | | ??## # # #??## ?????????????????? | | ??# #### # #????? ????????????????? | | ??# ##??### ##?????? ???????????????? | | ??# #?????#### #????????? ??????????????? | | ??## ##????????#### ##????????????????????????? | | ???#####????????????####?????????????????????????? | | ?????????????????????????????????????????????????? | +----------------------------------------------------+ Best States ------------- Heat Dissipation 35 Energy Generation 10 Energy Capacity 250 Matter Stores 287 Matter Capacity 300 Sight Range 16 Terrain Scan Density 10 Evasion (%) 50 Recoil Reduction 2 Item Schematics ----------------- None Robot Schematics ------------------ None Fabricated ------------ Nothing Alien Tech Used ----------------- None Achievements -------------- Remodeling Challenges ------------ None Game ------ Seed PotentialRiotLegs Manual? 0 Play Time 00:22:54 Cumulative 3.0 hours Start 2025.01.14 @ 04:16:31 End 2025.01.14 @ 04:38:55 Sessions 1 Manual Loads 0 Difficulty Rogue Special Mode None Game No. 4 Rogue 4 Adventurer 0 Explorer 0 Win Type - Total 0 Types 0/0/0/0/0/0/0/0/0 Lore% 0 Gallery% 5 Achievement% 6 Wizard Run 0 Options --------- Layout 1 ASCII 0 Keyboard 0 Movement Mouse Keybinds 0 Fullscreen 1 Font 48/Crisp++ Map View 50x35 Zoom Use 26% Tactical HUD 0 Map Filters NONE Filters NONE Steam 1 RUN: 2fe581ec-6638-40a5-b4f4-822aaa4794a0